 Dungeon Crawl Stone Soup version 0.31-a0-240-gb923e448b6 (webtiles) character file.

Game seed: 6693075823253124874

144 qw the Shooter (level 5, -4/30 HPs)
             Began as a Gargoyle Hexslinger on July 11, 2023.
             Slain by an iguana (6 damage)
             ... on level 4 of the Dungeon.
             The game lasted 00:00:51 (1911 turns).

qw the Shooter (Gargoyle Hexslinger)                Turns: 1911, Time: 00:00:52

Health: -4/30      AC: 12    Str: 11    XL:     5   Next: 27%
Magic:  6/6        EV: 10    Int: 14    God:
Gold:   219        SH:  0    Dex: 14    Spells: 5/6 levels left

rFire   . . .        Y - +1 sling (flame)
rCold   . . .        (no shield)
rNeg    + . .        j - +0 ring mail
rPois   inf          (no helmet)
rElec   +            (no cloak)
rCorr   .            f - +2 pair of gloves
SInv    .            (no boots)
Will    +....        (no amulet)
Stlth   +            d - ring of willpower
HPRegen 0.25/turn    (no ring)
MPRegen 0.10/turn

%: no passive effects
@: no status effects
A: sickness immunity, AC +4, negative energy resistance 1, electricity
resistance, torment resistance 1, petrification resistance
a: no special abilities


You were on level 4 of the Dungeon.
You visited 1 branch of the dungeon, and saw 4 of its levels.

You collected 219 gold pieces.


Innate Abilities, Weirdness & Mutations

You are immune to sickness and miasma.
Your stone body is resilient. (AC +4)
You are immune to poison.
You resist negative energy. (rN+)
You are resistant to electric shocks. (rElec)
You are resistant to unholy torment.
You are immune to petrification.


   Skills:
 - Level 2.0 Fighting
 + Level 4.9 Ranged Weapons
 - Level 1.0 Armour
 - Level 1.5 Dodging
 - Level 1.0 Spellcasting
 - Level 2.6 Hexes


You had 5 spell levels left.
You knew the following spells:

 Your Spells              Type           Power      Damage    Failure   Level
a - Slow                  Hex            32%        N/A       21%         1

Your spell library contained the following spells:

 Spells                   Type           Power      Damage    Failure   Level
 Inner Flame              Hex/Fire       4%         N/A       71%         3
 Portal Projectile        Hex/Tloc       8%         N/A       71%         3
 Cause Fear               Hex            4%         N/A       90%         4

Inventory:

Hand Weapons
 Y - a +1 sling of flaming (weapon)
Armour
 f - a +2 pair of gloves (worn)
 j - a +0 ring mail (worn)
Jewellery
 d - a ring of willpower (left hand)
 g - an amulet of guardian spirit
Scrolls
 b - a scroll of identify
 c - a scroll of butterflies {unknown}
Potions
 a - a potion of curing {unknown}
 e - 2 potions of haste {unknown}
 i - a potion of cancellation {unknown}

Dungeon Overview and Level Annotations

Branches:
Dungeon (4/15)
 Temple: D:4-7

Altars:


Message History

The iguana closely misses you.
You shoot a sling bullet.
The sling bullet hits the iguana but does no damage.
The iguana is lightly wounded.
The hobgoblin closely misses you.
The iguana bites you but does no damage. x2
The hobgoblin hits you.
You shoot a sling bullet.
The sling bullet barely misses the iguana.
The hobgoblin hits you but does no damage.
The iguana bites you but does no damage.
You shoot a sling bullet. The sling bullet hits the iguana.
The sling bullet burns the iguana.
The iguana is moderately wounded.
The hobgoblin hits you but does no damage.
The iguana bites you!
You shoot a sling bullet. The sling bullet hits the iguana.
The sling bullet burns the iguana.
The iguana is heavily wounded.
The hobgoblin hits you.
The iguana bites you but does no damage.
The iguana closely misses you. The hobgoblin closely misses you.
You shoot a sling bullet. The sling bullet hits the iguana.
The sling bullet burns the iguana.
The iguana is severely wounded.
The hobgoblin closely misses you. The iguana barely misses you.
You shoot a sling bullet.
The sling bullet hits the iguana but does no damage.
The iguana is severely wounded.
The hobgoblin closely misses you.
The iguana bites you but does no damage.
You shoot a sling bullet.
The sling bullet completely misses the iguana.
The hobgoblin hits you but does no damage.
The iguana bites you but does no damage.
You shoot a sling bullet.
The sling bullet hits the iguana but does no damage.
The iguana is severely wounded.
The hobgoblin barely misses you. The iguana bites you. x2
You die...

#?..........##.#..........
..
#....###..#......##........
#....#....##...####.........
#....#..#.#......#.....###..
######................. ..
##...#............
#..#####.###..... #..
#.###..... ... #.@....... ..
##gl.#.... .......##
........# ..#......#
...#......# ...##......#
..<# ######..


You could see an iguana and a hobgoblin.

Vanquished Creatures
  A scorpion (D:4)
  2 adders (D:4)
  2 worms
  3 dart slugs
  2 bats (D:1)
  5 endoplasms
  4 giant cockroaches
  6 goblins
  7 hobgoblins
  4 kobolds (D:1)
  A quokka (D:1)
  11 ball pythons
  3 frilled lizards
  6 rats
57 creatures vanquished.

Notes
Turn   | Place    | Note
-------+----------+-------------------------------------------
     0 | D:1      | qw the Gargoyle Hexslinger began the quest for the Orb.
     0 | D:1      | Reached XP level 1. HP: 12/12 MP: 2/2
     0 | D:1      | 0 ||| qw: Version: 0.3-a-52-g30416fa
     0 | D:1      | 0 ||| qw: Game counter: 6008
     0 | D:1      | 0 ||| qw: Melee chars always use a shield: true
     0 | D:1      | 0 ||| qw: God list: Okawaru
     0 | D:1      | 0 ||| qw: Allow faded altars: false
     0 | D:1      | 0 ||| qw: Do Orc after clearing Dungeon:15 true
     0 | D:1      | 0 ||| qw: Do second Lair branch before Depths: true
     0 | D:1      | 0 ||| qw: Lair rune preference: random
     0 | D:1      | 0 ||| qw: Goals: Normal
     0 | D:1      | 0 ||| PLANNING D:1-11
    81 | D:1      | Reached XP level 2. HP: 16/16 MP: 3/3
    93 | D:1      | Found a faded altar of an unknown god.
   170 | D:1      | Reached skill level 3 in Ranged Weapons
   341 | D:1      | Reached XP level 3. HP: 14/21 MP: 4/4
   753 | D:1      | 753 ||| UPGRADING to +2 pair of gloves.
   758 | D:1      | 758 ||| UPGRADING to +0 leather armour.
   768 | D:1      | 768 ||| DROPPING +0 robe.
   769 | D:1      | 769 ||| UPGRADING to +0 ring mail.
   779 | D:1      | 779 ||| DROPPING +0 leather armour.
   780 | D:1      | 780 ||| UPGRADING to ring of willpower.
   781 | D:1      | 781 ||| READING scroll labelled INOIPU LOLEKLU.
   782 | D:1      | 782 ||| READING scroll labelled VAYKKE DAYSK.
   783 | D:1      | 783 ||| READING 3 scrolls labelled YTEEHYUV IVENK.
   784 | D:1      | 784 ||| READING 2 scrolls of brand weapon.
   784 | D:1      | 784 ||| BRANDING +1 sling of chaos.
   785 | D:1      | 785 ||| READING scroll of brand weapon.
   785 | D:1      | 785 ||| BRANDING +1 sling of freezing.
   786 | D:1      | 786 ||| DROPPING scroll of poison.
   914 | D:2      | Reached skill level 1 in Armour
  1311 | D:2      | Reached XP level 4. HP: 26/26 MP: 5/5
  1637 | D:2      | 1637 ||| READING scroll labelled TOGOCS TEKHI.
  1641 | D:2      | 1641 ||| READING scroll labelled BOESYUL ZASO.
  1680 | D:3      | You fall into a shaft and drop 1 floor!
  1681 | D:4      | 1681 ||| PLANNING SEWER
  1687 | D:4      | Noticed a scorpion
  1696 | D:4      | Killed a scorpion
  1697 | D:4      | Reached skill level 4 in Ranged Weapons
  1697 | D:4      | Reached XP level 5. HP: 26/30 MP: 6/6
  1906 | D:4      | HP: 6/30 [iguana (10)]
  1911 | D:4      | HP: 2/30 [iguana (5)]
  1911 | D:4      | Slain by an iguana

Levels and vault maps discovered:
D:1:      shiori_arrival_elements, layout_basic,
          shapermc_ecumenical_altar_rom_forum
D:2:      layout_loops_corners, kennysheep_generic_room_14
D:3:      layout_loops_ring, nicolae_overflow_crystal_walls,
          makhleb_altar_promises_db, lightli_corner_chamber, uniq_grinder,
          uniq_robin, uniq_ijyb, uniq_jessica
D:4:      layout_rooms, portal_sewer_entry_d

Skill      XL: |  1  2  3  4 |
---------------+-------------+-----
Ranged Weapons | 3 4 |  4.9
Fighting       | 2 |  2.0
Armour         | 1 |  1.0
Dodging        | |  1.5
Spellcasting   | |  1.0
Hexes          | |  2.6

Action                     |  1- 3 |  4- 6 || total
---------------------------+-------+-------++-------
   Fire: Sling             |   140 |    68 ||   208
    Use: Scroll            |     5 |     2 ||     7
 Armour: Robe              |    13 |       ||    13
         Ring mail         |     3 |    34 ||    37
  Dodge: Dodged            |    51 |    40 ||    91

Table legend:
 A = Non-vault XP
 B = Vault XP
 C = Vault XP percentage of total XP
 D = Non-vault monster count
 E = Vault monster count
 F = Vault count percentage of total count
                 A         B        C        D         E       F
            +---------+---------+-------+---------+---------+-------
      Total |     189 |      18 |   8.7 |      54 |       3 |   5.3
            +---------+---------+-------+---------+---------+-------
        D:1 |      60 |       0 |   0.0 |      34 |       0 |   0.0
        D:2 |      23 |       4 |  14.8 |      12 |       2 |  14.3
        D:4 |     106 |      14 |  11.7 |       8 |       1 |  11.1
            +---------+---------+-------+---------+---------+-------
